 Dungeon Crawl Stone Soup version 0.31-a0-819-gf6de2f5ab6 (webtiles) character file.

Game seed: 15749290697134114101

665 qw the Shooter (level 7, 0/44 HPs)
             Began as a Gargoyle Hunter on Sept 23, 2023.
             Slain by an orc warrior
             ... wielding a +0 glaive
              (17 damage)
             ... on level 7 of the Dungeon.
             The game lasted 00:01:35 (3530 turns).

qw the Shooter (Gargoyle Hunter)                    Turns: 3530, Time: 00:01:36

Health: 0/44       AC:  8    Str: 15    XL:     7   Next: 57%
Magic:  7/7        EV: 12    Int:  9    God:
Gold:   282        SH:  0    Dex: 15    Spells: 6/6 levels left

rFire   . . .        Y - +1 shortbow
rCold   . . .        (shield currently unavailable)
rNeg    + . .        b - +0 troll leather armour {Pargi}
rPois   inf          (no helmet)
rElec   +            (no cloak)
rCorr   .            (no gloves)
SInv    .            (no boots)
Will    .....        (no amulet)
Stlth   ++           (no ring)
HPRegen 1.07/turn    (no ring)
MPRegen 0.10/turn

%: no passive effects
@: no status effects
A: sickness immunity, AC +4, negative energy resistance 1, electricity
resistance, torment resistance 1, petrification resistance
a: no special abilities


You were on level 7 of the Dungeon.
You visited 1 branch of the dungeon, and saw 5 of its levels.
You also visited: Sewer.

You collected 282 gold pieces.


Innate Abilities, Weirdness & Mutations

You are immune to sickness and miasma.
Your stone body is resilient. (AC +4)
You are immune to poison.
You resist negative energy. (rN+)
You are resistant to electric shocks. (rElec)
You are resistant to unholy torment.
You are immune to petrification.


   Skills:
 - Level 4.5 Fighting
 + Level 7.1 Ranged Weapons
 - Level 3.0 Armour
 - Level 2.5 Dodging
 - Level 1.1 Stealth


You had 6 spell levels left.
You didn't know any spells.
Your spell library was empty.

Inventory:

Hand Weapons
 Y - a +1 shortbow (weapon)
Armour
 b - a +0 troll leather armour (worn) {Pargi}
 d - a +0 cloak
 e - a +2 cloak
 k - a +0 helmet
Scrolls
 a - a scroll of identify
 c - a scroll of teleportation
 j - a scroll of blinking {unknown}
 l - a scroll of poison {unknown}
Potions
 f - a potion of heal wounds
 g - a potion of magic {unknown}
 h - a potion of cancellation {unknown}
 i - a potion of curing

Dungeon Overview and Level Annotations

Branches:
Dungeon (4/15)              Sewer (visited)
 Temple: D:4-7

Altars:
Dithmenos
Yredelemnul

Annotations:
D:3 4 runed translucent doors, Crazy Yiuf; qw's ghost, amateur GrHu
D:4 Eustachio; qw's ghost, amateur GrHu


Message History

An orc warrior, an orc and an orc priest come into view.
Found 17 gold pieces.
Found a stone staircase leading down.
You shoot an arrow. The arrow hits the orc.
The orc shouts!
The orc is lightly wounded.
The orc warrior shouts!
The orc priest shouts!
The orc hits you with a +0 short sword.
You shoot an arrow. The arrow hits the orc!
You kill the orc!
You shoot an arrow.
The arrow barely misses the orc warrior.
The orc warrior hits you from afar with a +0 glaive.
You shoot an arrow.
The arrow barely misses the orc warrior.
The orc priest looks encouraged for a moment.
The orc warrior closely misses you.
You shoot an arrow.
The arrow hits the orc warrior but does no damage.
The orc warrior closely misses you.
You shoot an arrow. The arrow hits the orc warrior.
The orc warrior is moderately wounded.
The orc warrior hits you from afar with a +0 glaive.
You shoot an arrow.
The arrow hits the orc warrior but does no damage.
The orc warrior is lightly wounded.
The orc priest begins to cast a cantrip, but forgets the words!
The orc warrior hits you from afar with a +0 glaive!
You shoot an arrow.
The arrow hits the orc warrior but does no damage.
The orc warrior is lightly wounded.
The orc warrior hits you from afar with a +0 glaive!
You shoot an arrow.
The arrow closely misses the orc warrior.
The orc priest calls upon Beogh to heal the orc warrior.
The orc warrior's wounds heal themselves!
The orc warrior hits you from afar with a +0 glaive!
You shoot an arrow. The arrow hits the orc warrior.
The orc warrior is lightly wounded.
The orc warrior hits you from afar with a +0 glaive!
You die...

#...... #.
#..#... #.
##......
#.
#.........
#.
#..######7
#o #.. #
#o #.
#>########
#.@....$..
#######.#.
#


7 7 7 # You could see an orc warrior and an orc priest.

Vanquished Creatures
  A water moccasin (D:7)
  Pargi (Sewer)
  An ogre (D:4)
  Blork the orc (D:4)
  2 orc priests
  Jessica (D:2)
  2 orc wizards (D:7)
  7 adders
  A shadow imp (D:7)
  2 worms (D:3)
  A dart slug (D:1)
  18 orcs
  3 endoplasms
  A giant cockroach (D:4)
  3 goblins
  11 hobgoblins
  4 jackals (D:1)
  6 quokkas
  11 ball pythons
  4 bats
  20 frilled lizards
  5 kobolds
  5 rats
111 creatures vanquished.

Notes
Turn   | Place    | Note
-------+----------+-------------------------------------------
     0 | D:1      | qw the Gargoyle Hunter began the quest for the Orb.
     0 | D:1      | Reached XP level 1. HP: 12/12 MP: 1/1
     0 | D:1      | 0 ||| qw: Version: 0.3-a-83-gcd0e7d8
     0 | D:1      | 0 ||| qw: Game counter: 1542
     0 | D:1      | 0 ||| qw: Melee chars always use a shield: true
     0 | D:1      | 0 ||| qw: God list: Okawaru
     0 | D:1      | 0 ||| qw: Allow faded altars: false
     0 | D:1      | 0 ||| qw: Do Orc after clearing Dungeon:15 true
     0 | D:1      | 0 ||| qw: Do second Lair branch before Depths: true
     0 | D:1      | 0 ||| qw: Lair rune preference: random
     0 | D:1      | 0 ||| qw: Goals: Normal
     0 | D:1      | 0 ||| PLANNING D:1-11
    66 | D:1      | Found a faded altar of an unknown god.
    88 | D:1      | Reached XP level 2. HP: 17/17 MP: 2/2
   309 | D:1      | Reached XP level 3. HP: 21/21 MP: 3/3
   332 | D:1      | Reached skill level 5 in Ranged Weapons
   689 | D:1      | 689 ||| READING 3 scrolls labelled ZIDAM PUUNIERR.
   690 | D:1      | 690 ||| READING scroll labelled SAUNUKHL CUMEMI.
   691 | D:1      | 691 ||| READING scroll labelled MEYNGEHAILEUST.
   695 | D:1      | 695 ||| READING 2 scrolls of identify.
   695 | D:1      | 695 ||| IDENTIFYING viscous ruby potion
   696 | D:1      | 696 ||| DROPPING scroll of butterflies.
   774 | D:2      | Noticed Jessica
   780 | D:2      | Killed Jessica
   781 | D:2      | Reached skill level 3 in Fighting
   781 | D:2      | Reached XP level 4. HP: 22/28 MP: 4/4
   930 | D:2      | 930 ||| RETREEAATING.
   931 | D:2      | 931 ||| STILL RETREEAATING.
  1291 | D:2      | Reached XP level 5. HP: 25/32 MP: 5/5
  1433 | D:2      | Found a shadowy altar of Dithmenos.
  1774 | D:2      | 1774 ||| DRINKING 2 dark potions.
  1775 | D:2      | 1775 ||| DRINKING 3 bubbling clear potions.
  1776 | D:2      | 1776 ||| DRINKING potion of curing.
  1776 | D:2      | 1776 ||| (to cure confusion)
  1777 | D:2      | 1777 ||| READING 2 scrolls of identify.
  1777 | D:2      | 1777 ||| IDENTIFYING lumpy pink potion
  1778 | D:2      | 1778 ||| DROPPING 2 potions of ambrosia.
  1779 | D:2      | 1779 ||| DROPPING potion of invisibility.
  1801 | D:3      | 1801 ||| PLANNING SEWER
  1847 | D:3      | Found a runed translucent gate.
  1847 | D:3      | Found a runed translucent gate.
  1847 | D:3      | Found a runed translucent gate.
  1849 | D:3      | Noticed qw's ghost (amateur GrHu)
  1849 | D:3      | Noticed qw's ghost (amateur GrHu)
  1849 | D:3      | Noticed qw's ghost (amateur GrHu)
  1864 | D:3      | Reached skill level 6 in Ranged Weapons
  2175 | D:3      | Found a runed translucent door.
  2176 | D:3      | Noticed Crazy Yiuf
  2372 | D:3      | Found a glowing drain.
  2380 | D:3      | 2380 ||| UPGRADING to +0 ring mail.
  2390 | D:3      | 2390 ||| DROPPING +0 leather armour.
  2391 | D:3      | 2391 ||| READING scroll labelled HEODUSCH HANIM.
  2392 | D:3      | 2392 ||| READING scroll labelled NOIMUE ATWIGES.
  2393 | D:3      | 2393 ||| READING scroll labelled CURPHA COEMEDWE.
  2394 | D:3      | 2394 ||| READING scroll labelled JOCRAT OGEX.
  2400 | Sewer    | Entered a sewer
  2404 | Sewer    | 2404 ||| Stepping ~*~*~tactically~*~*~ (water).
  2406 | Sewer    | 2406 ||| Stepping ~*~*~tactically~*~*~ (water).
  2440 | Sewer    | 2440 ||| Stepping ~*~*~tactically~*~*~ (water).
  2449 | Sewer    | Noticed Pargi
  2464 | Sewer    | HP: 7/33 [Pargi (7)]
  2465 | Sewer    | 2465 ||| DRINKING potion of heal wounds.
  2475 | Sewer    | Killed Pargi
  2476 | Sewer    | Reached skill level 3 in Armour
  2476 | Sewer    | Reached XP level 6. HP: 14/38 MP: 6/6
  2646 | Sewer    | 2646 ||| UPGRADING to +0 troll leather armour {Pargi}.
  2656 | Sewer    | 2656 ||| DROPPING +0 ring mail.
  2657 | Sewer    | 2657 ||| READING 2 scrolls of identify.
  2657 | Sewer    | 2657 ||| IDENTIFYING lumpy red potion
  2658 | Sewer    | 2658 ||| DROPPING potion of brilliance.
  2672 | D:3      | 2672 ||| PLANNING D:1-11
  3113 | D:4      | Noticed Blork the orc
  3126 | D:4      | Killed Blork the orc
  3193 | D:4      | Reached XP level 7. HP: 38/44 MP: 7/7
  3193 | D:4      | 3193 ||| FLEEEEING.
  3194 | D:4      | 3194 ||| FLEEEEING.
  3239 | D:4      | Noticed qw's ghost (amateur GrHu)
  3376 | D:4      | Noticed Eustachio
  3377 | D:4      | 3377 ||| Stepping ~*~*~tactically~*~*~ (retreating).
  3378 | D:4      | 3378 ||| Stepping ~*~*~tactically~*~*~ (retreating).
  3379 | D:4      | 3379 ||| Stepping ~*~*~tactically~*~*~ (retreating).
  3406 | D:4      | HP: 9/44 [Eustachio/+0 falchion (9)]
  3407 | D:4      | 3407 ||| READING 2 scrolls of teleportation.
  3408 | D:4      | 3408 ||| DRINKING 2 potions of heal wounds.
  3426 | D:4      | You fall into a shaft and drop 3 floors!
  3440 | D:7      | 3440 ||| RETREEAATING.
  3441 | D:7      | 3441 ||| STILL RETREEAATING.
  3442 | D:7      | 3442 ||| STILL RETREEAATING.
  3446 | D:7      | 3446 ||| Stepping ~*~*~tactically~*~*~ (retreating).
  3457 | D:7      | Reached skill level 7 in Ranged Weapons
  3500 | D:7      | Found a basalt altar of Yredelemnul.
  3530 | D:7      | Slain by an orc warrior

Levels and vault maps discovered:
D:1:      scummos_arrival_simple_crosswalls, layout_basic,
          shapermc_ecumenical_altar_starsandcircs
D:2:      layout_basic, basic_altar, minmay_lizard_king, uniq_jessica
D:3:      layout_loops_corners, gammafunk_ghost_cemetery,
          gup_sewer_entry_bubbles, st_stairs_2, chequers_mini_garden,
          uniq_crazy_yiuf_cottage
D:4:      layout_cave_pools, gammafunk_ghost_icy, guppyfry_shop_venom,
          uniq_eustachio, uniq_blork_the_orc
D:7:      layout_loops_ring, kennysheep_ying_yang

Skill      XL: |  1  2  3  4  5  6  7 |
---------------+----------------------+-----
Ranged Weapons | 5 6 7 |  7.1
Fighting       | 3 4 |  4.5
Armour         | 3 |  3.0
Dodging        | 2 |  2.5
Stealth        | |  1.1

Action                     |  1- 3 |  4- 6 |  7- 9 || total
---------------------------+-------+-------+-------++-------
   Fire: Shortbow          |    91 |   228 |    92 ||   411
    Use: Scroll            |     4 |     6 |     1 ||    11
         Potion            |       |     4 |     1 ||     5
 Armour: Leather armour    |    26 |    25 |       ||    51
         Ring mail         |       |    59 |       ||    59
         Troll leather arm |       |    11 |    72 ||    83
  Dodge: Dodged            |    24 |    75 |    71 ||   170

Table legend:
 A = Non-vault XP
 B = Vault XP
 C = Vault XP percentage of total XP
 D = Non-vault monster count
 E = Vault monster count
 F = Vault count percentage of total count
                 A         B        C        D         E       F
            +---------+---------+-------+---------+---------+-------
      Total |     650 |     300 |  31.6 |      85 |      26 |  23.4
            +---------+---------+-------+---------+---------+-------
        D:1 |      42 |       0 |   0.0 |      27 |       0 |   0.0
        D:2 |     110 |      47 |  29.9 |      17 |      11 |  39.3
        D:3 |      38 |      15 |  28.3 |      14 |       7 |  33.3
        D:4 |     220 |      91 |  29.3 |      19 |       1 |   5.0
        D:7 |     240 |       0 |   0.0 |       8 |       0 |   0.0
      Sewer |       0 |     147 | 100.0 |       0 |       7 | 100.0
            +---------+---------+-------+---------+---------+-------
